[ AOE2 MATCH · #506629573 ]
UnrankedMongols vs Vietnamese
Player's team · LOSS
[ REPLAY ANALYSIS · EXTRACTED FROM THE RECORDED GAME ]
Feudal
14:00
Castle
17:30
Imperial
—
| APM avg | 44.6 |
| APM peak | 87 |
| eAPM avg | 19.4 |
| Villagers / military | 74 / 19 |
Focus
⚔️ 16.6% · 🌾 83.4%
Steppe Lancer ×16 · Trade Cart ×4 · Mangudai ×2 · Monk ×1
Feudal
16:25
Castle
20:32
Imperial
—
| APM avg | 33.9 |
| APM peak | 97 |
| eAPM avg | 15.8 |
| Villagers / military | 56 / 49 |
Focus
⚔️ 35.1% · 🌾 64.9%
Fire Lancer ×43 · Battering Ram ×6
Match map
Initial resources + every placement click. Lines = walls · curves = elevation contours. ◆ gold · ⬟ stone · ● berries · ✦ relic · ◌ wall gap
Your base· Open — opponent sealed themselves in
kim.henrik.himanen123's base· ✓ Closed at 20:32 · 129t walls · 1 gate(s)
Smoothed initial terrain · ◌ = detected wall gap · hover for details
Inputs per minute
— 6 - - kim.henrik.himanen123
Build order — 6
First 150 of 165 actions detected
| 0:00 | Queue | Villager (Male) |
| 0:01 | Queue | Villager (Male) |
| 0:02 | Build | House |
| 0:03 | Build | House |
| 0:11 | Queue | Villager (Male) |
| 0:11 | Queue | Villager (Male) |
| 1:26 | Queue | Villager (Male) |
| 1:27 | Queue | Villager (Male) |
| 1:47 | Build | Lumber Camp |
| 1:59 | Queue | Villager (Male) |
| 1:59 | Queue | Villager (Male) |
| 2:25 | Queue | Villager (Male) |
| 2:25 | Queue | Villager (Male) |
| 3:21 | Queue | Villager (Male) |
| 3:21 | Queue | Villager (Male) |
| 3:29 | Build | House |
| 3:39 | Queue | Villager (Male) |
| 3:39 | Queue | Villager (Male) |
| 3:49 | Queue | Villager (Male) |
| 3:49 | Queue | Villager (Male) |
| 4:02 | Build | House |
| 4:16 | Queue | Villager (Male) |
| 4:17 | Queue | Villager (Male) |
| 4:17 | Queue | Villager (Male) |
| 4:20 | Queue | Villager (Male) |
| 4:21 | Queue | Villager (Male) |
| 4:54 | Build | Mill |
| 5:02 | Queue | Villager (Male) |
| 5:02 | Queue | Villager (Male) |
| 5:14 | Queue | Villager (Male) |
| 5:15 | Queue | Villager (Male) |
| 5:45 | Queue | Villager (Male) |
| 5:51 | Research | Loom |
| 6:17 | Queue | Villager (Male) |
| 6:17 | Queue | Villager (Male) |
| 6:58 | Queue | Villager (Male) |
| 7:13 | Queue | Villager (Male) |
| 7:28 | Queue | Villager (Male) |
| 8:08 | Build | Farm |
| 8:10 | Build | Farm |
| 8:10 | Build | Farm |
| 8:11 | Build | Farm |
| 8:13 | Build | Farm |
| 8:15 | Build | Farm |
| 8:30 | Queue | Villager (Male) |
| 8:31 | Queue | Villager (Male) |
| 8:41 | Build | Farm |
| 8:46 | Build | Farm |
| 8:47 | Queue | Villager (Male) |
| 8:58 | Build | Farm |
| 9:06 | Build | House |
| 9:25 | Build | Farm |
| 9:40 | Queue | Villager (Male) |
| 9:46 | Build | Farm |
| 9:58 | Build | Farm |
| 10:01 | Queue | Villager (Male) |
| 10:16 | Build | Farm |
| 10:30 | Queue | Villager (Male) |
| 10:33 | Queue | Villager (Male) |
| 10:36 | Queue | Villager (Male) |
| 10:43 | Build | Farm |
| 11:04 | Build | Mining Camp |
| 11:29 | Research | Feudal Age |
| 11:29 | Research | Feudal Age |
| 11:38 | Build | Farm |
| 11:42 | Build | Farm |
| 12:15 | Queue | Villager (Male) |
| 12:16 | Queue | Villager (Male) |
| 12:23 | Build | House |
| 12:23 | Build | House |
| 14:00 | Age | Feudal Age |
| 14:02 | Build | Market |
| 14:04 | Build | Blacksmith |
| 14:26 | Research | Double-Bit Axe |
| 14:48 | Research | Castle Age |
| 15:12 | Research | Horse Collar |
| 15:22 | Research | Town Watch |
| 15:54 | Build | Barracks |
| 16:50 | Build | Stable |
| 17:04 | Research | Scale Barding Armor |
| 17:04 | Research | Forging |
| 17:22 | Build | Stable |
| 17:30 | Age | Castle Age |
| 17:32 | Queue | Steppe Lancer |
| 17:42 | Queue | Villager (Male) |
| 17:43 | Queue | Villager (Male) |
| 17:56 | Queue | Steppe Lancer |
| 18:10 | Queue | Steppe Lancer |
| 18:13 | Queue | Steppe Lancer |
| 18:14 | Queue | Steppe Lancer |
| 18:14 | Queue | Steppe Lancer |
| 18:15 | Queue | Villager (Male) |
| 18:31 | Build | Farm |
| 18:31 | Build | Farm |
| 18:38 | Build | Farm |
| 18:43 | Queue | Steppe Lancer |
| 18:43 | Queue | Steppe Lancer |
| 18:46 | Research | Husbandry |
| 18:49 | Build | House |
| 19:04 | Queue | Villager (Male) |
| 19:11 | Build | Farm |
| 19:18 | Research | Wheelbarrow |
| 19:28 | Queue | Villager (Male) |
| 20:02 | Queue | Villager (Male) |
| 20:12 | Build | Farm |
| 20:15 | Research | Bow Saw |
| 20:42 | Queue | Steppe Lancer |
| 20:42 | Queue | Steppe Lancer |
| 20:51 | Queue | Villager (Male) |
| 21:13 | Queue | Steppe Lancer |
| 21:13 | Queue | Steppe Lancer |
| 21:40 | Build | House |
| 21:41 | Build | House |
| 21:46 | Build | Lumber Camp |
| 21:51 | Build | Town Center |
| 22:03 | Queue | Villager (Male) |
| 22:15 | Research | Iron Casting |
| 22:24 | Queue | Villager (Male) |
| 22:28 | Build | House |
| 22:29 | Build | House |
| 22:31 | Queue | Villager (Male) |
| 22:43 | Build | Farm |
| 22:51 | Queue | Steppe Lancer ×2 |
| 23:10 | Queue | Villager (Male) |
| 23:13 | Queue | Villager (Male) |
| 23:13 | Queue | Villager (Male) |
| 23:40 | Queue | Villager (Male) |
| 23:43 | Build | House |
| 24:18 | Research | Chain Barding Armor |
| 24:37 | Queue | Villager (Male) |
| 24:52 | Queue | Villager (Male) |
| 24:56 | Queue | Villager (Male) |
| 25:01 | Research | Stone Mining |
| 25:24 | Queue | Villager (Male) |
| 25:26 | Queue | Villager (Male) |
| 25:39 | Research | Fletching |
| 25:43 | Build | Town Center |
| 26:14 | Queue | Villager (Male) |
| 26:16 | Queue | Villager (Male) ×4 |
| 26:26 | Build | House |
| 26:27 | Build | House |
| 26:31 | Build | Monastery |
| 26:47 | Research | Bodkin Arrow |
| 26:56 | Build | Farm |
| 27:00 | Queue | Villager (Male) |
| 27:00 | Queue | Villager (Male) |
| 27:04 | Build | House |
| 27:16 | Build | Castle |
| 27:18 | Queue | Villager (Male) |
| 27:18 | Queue | Villager (Male) |
Build order — kim.henrik.himanen123
149 actions detected in the replay
| 0:00 | Queue | Villager (Male) ×4 |
| 0:01 | Build | House |
| 0:02 | Build | House |
| 0:36 | Research | Loom |
| 0:37 | Queue | Villager (Male) ×2 |
| 1:41 | Queue | Villager (Male) |
| 2:26 | Queue | Villager (Male) |
| 3:10 | Queue | Villager (Male) |
| 3:22 | Queue | Villager (Male) |
| 3:50 | Queue | Villager (Male) |
| 4:05 | Queue | Villager (Male) |
| 4:21 | Build | Palisade Wall |
| 4:27 | Build | Palisade Wall |
| 4:29 | Build | Palisade Wall |
| 4:31 | Build | Palisade Wall |
| 4:32 | Build | Palisade Wall |
| 4:35 | Build | Palisade Wall |
| 4:36 | Build | Palisade Wall |
| 4:38 | Queue | Villager (Male) |
| 5:04 | Queue | Villager (Male) |
| 5:21 | Queue | Villager (Male) |
| 5:27 | Queue | Villager (Male) |
| 5:42 | Build | Palisade Wall |
| 5:48 | Build | House |
| 5:53 | Build | House |
| 6:47 | Queue | Villager (Male) |
| 6:57 | Queue | Villager (Male) ×2 |
| 7:06 | Build | House |
| 7:12 | Build | House |
| 7:18 | Build | House |
| 7:36 | Queue | Villager (Male) ×2 |
| 8:26 | Build | Palisade Wall |
| 8:51 | Build | Palisade Gate |
| 9:06 | Queue | Villager (Male) |
| 9:23 | Queue | Villager (Male) ×2 |
| 9:52 | Queue | Villager (Male) ×3 |
| 9:59 | Build | Mill |
| 10:03 | Build | Palisade Wall |
| 10:10 | Build | Palisade Wall |
| 10:38 | Queue | Villager (Male) |
| 10:57 | Build | Mill |
| 10:59 | Queue | Villager (Male) ×3 |
| 11:23 | Build | Palisade Wall |
| 11:25 | Queue | Villager (Male) ×2 |
| 11:34 | Build | Palisade Wall |
| 11:45 | Queue | Villager (Male) |
| 11:49 | Build | House |
| 11:53 | Build | Lumber Camp |
| 12:07 | Build | Palisade Wall |
| 12:09 | Queue | Villager (Male) |
| 12:52 | Build | Palisade Wall |
| 13:01 | Build | Palisade Wall |
| 13:14 | Build | Mining Camp |
| 13:21 | Build | Palisade Wall |
| 13:50 | Queue | Villager (Male) |
| 14:07 | Research | Feudal Age |
| 14:15 | Build | House |
| 14:19 | Build | Farm |
| 14:33 | Build | Farm |
| 14:42 | Build | Farm |
| 14:50 | Build | House |
| 15:36 | Build | Farm |
| 16:13 | Build | Farm |
| 16:15 | Build | Farm |
| 16:25 | Queue | Villager (Male) |
| 16:25 | Queue | Villager (Male) |
| 16:25 | Age | Feudal Age |
| 16:30 | Build | Market |
| 16:44 | Build | Blacksmith |
| 17:18 | Queue | Villager (Male) |
| 17:52 | Research | Castle Age |
| 17:59 | Build | Lumber Camp |
| 18:04 | Build | Barracks |
| 18:17 | Build | Stone Wall |
| 18:20 | Build | Stone Wall |
| 18:24 | Build | Stone Wall |
| 18:31 | Build | House |
| 18:36 | Build | House |
| 18:37 | Build | House |
| 18:48 | Build | Barracks |
| 19:20 | Research | Scale Mail Armor |
| 19:24 | Build | Barracks |
| 19:26 | Research | Double-Bit Axe |
| 19:42 | Research | Gold Mining |
| 19:52 | Build | Stone Wall |
| 20:29 | Queue | Villager (Male) |
| 20:29 | Queue | Villager (Male) |
| 20:32 | Age | Castle Age |
| 20:34 | Build | Siege Workshop |
| 20:36 | Queue | Fire Lancer |
| 20:36 | Queue | Fire Lancer |
| 20:40 | Queue | Fire Lancer |
| 21:04 | Queue | Fire Lancer |
| 21:05 | Queue | Fire Lancer |
| 21:08 | Queue | Villager (Male) |
| 21:33 | Queue | Fire Lancer |
| 21:33 | Queue | Fire Lancer |
| 21:33 | Queue | Fire Lancer |
| 21:43 | Research | Squires |
| 21:45 | Queue | Fire Lancer |
| 21:45 | Queue | Fire Lancer |
| 21:59 | Queue | Battering Ram |
| 22:03 | Queue | Fire Lancer |
| 22:03 | Queue | Fire Lancer |
| 22:04 | Queue | Fire Lancer |
| 22:06 | Queue | Villager (Male) |
| 22:16 | Queue | Battering Ram |
| 22:33 | Queue | Fire Lancer ×2 |
| 22:33 | Queue | Fire Lancer ×2 |
| 22:42 | Queue | Villager (Male) |
| 22:53 | Queue | Battering Ram |
| 22:59 | Queue | Villager (Male) |
| 23:05 | Queue | Fire Lancer ×2 |
| 23:05 | Queue | Fire Lancer ×2 |
| 23:17 | Queue | Fire Lancer |
| 23:29 | Queue | Villager (Male) |
| 23:29 | Queue | Villager (Male) |
| 23:32 | Build | House |
| 23:33 | Build | House |
| 23:58 | Queue | Fire Lancer ×3 |
| 24:16 | Queue | Fire Lancer ×2 |
| 24:16 | Queue | Fire Lancer ×2 |
| 24:23 | Build | House |
| 24:25 | Build | Palisade Wall |
| 24:29 | Build | House |
| 24:40 | Queue | Fire Lancer |
| 24:41 | Queue | Fire Lancer |
| 24:43 | Queue | Villager (Male) ×3 |
| 24:58 | Queue | Villager (Male) |
| 24:58 | Queue | Villager (Male) |
| 25:31 | Build | House |
| 25:41 | Build | Lumber Camp |
| 25:47 | Queue | Villager (Male) |
| 25:50 | Queue | Fire Lancer ×2 |
| 25:57 | Build | Palisade Wall |
| 26:28 | Queue | Villager (Male) |
| 26:30 | Build | House |
| 27:00 | Queue | Battering Ram |
| 27:04 | Queue | Fire Lancer |
| 27:04 | Queue | Fire Lancer |
| 27:15 | Queue | Fire Lancer ×2 |
| 27:24 | Queue | Villager (Male) |
| 27:37 | Queue | Battering Ram |
| 27:46 | Queue | Fire Lancer ×2 |
| 27:46 | Queue | Fire Lancer ×2 |
| 27:54 | Queue | Villager (Male) |
| 28:25 | Queue | Battering Ram |
| 28:26 | Queue | Fire Lancer |
| 28:26 | Queue | Fire Lancer |
Match timeline
| 4:21 | kim.henrik.himanen123 · wall_segment Palisade Wall x3 |
| 4:27 | kim.henrik.himanen123 · wall_segment Palisade Wall x10 |
| 4:29 | kim.henrik.himanen123 · wall_segment Palisade Wall x2 |
| 4:31 | kim.henrik.himanen123 · wall_segment Palisade Wall x1 |
| 4:32 | kim.henrik.himanen123 · wall_segment Palisade Wall x4 |
| 4:35 | kim.henrik.himanen123 · wall_segment Palisade Wall x5 |
| 4:36 | kim.henrik.himanen123 · wall_segment Palisade Wall x2 |
| 5:42 | kim.henrik.himanen123 · wall_segment Palisade Wall x5 |
| 8:26 | kim.henrik.himanen123 · wall_segment Palisade Wall x2 |
| 10:03 | kim.henrik.himanen123 · wall_segment Palisade Wall x12 |
| 10:10 | kim.henrik.himanen123 · wall_segment Palisade Wall x12 |
| 11:23 | kim.henrik.himanen123 · wall_segment Palisade Wall x9 |
| 11:34 | kim.henrik.himanen123 · wall_segment Palisade Wall x8 |
| 12:07 | kim.henrik.himanen123 · wall_segment Palisade Wall x6 |
| 12:52 | kim.henrik.himanen123 · wall_segment Palisade Wall x2 |
| 13:01 | kim.henrik.himanen123 · wall_segment Palisade Wall x8 |
| 13:21 | kim.henrik.himanen123 · wall_segment Palisade Wall x9 |
| 14:00 | 6 · age_up feudal |
| 15:54 | 6 · first_building Barracks |
| 16:25 | kim.henrik.himanen123 · age_up feudal |
| 16:50 | 6 · first_building Stable |
| 17:30 | 6 · age_up castle |
| 17:35 | kim.henrik.himanen123 · first_market_sell 100 stone |
| 17:38 | kim.henrik.himanen123 · first_market_buy 100 food |
| 18:04 | kim.henrik.himanen123 · first_building Barracks |
| 18:17 | kim.henrik.himanen123 · wall_segment Stone Wall x12 |
| 18:20 | kim.henrik.himanen123 · wall_segment Stone Wall x4 |
| 18:24 | kim.henrik.himanen123 · wall_segment Stone Wall x17 |
| 19:52 | kim.henrik.himanen123 · wall_segment Stone Wall x1 |
| 20:32 | kim.henrik.himanen123 · age_up castle |
| 20:34 | kim.henrik.himanen123 · first_building Siege Workshop |
| 24:25 | kim.henrik.himanen123 · wall_segment Palisade Wall x1 |
| 24:59 | 6 · first_market_buy 100 food |
| 25:57 | kim.henrik.himanen123 · wall_segment Palisade Wall x3 |
| 26:31 | 6 · first_building Monastery |
| 26:45 | 6 · first_market_sell 100 wood |
| 27:16 | 6 · first_building Castle |
| 28:37 | 6 · first_building Siege Workshop |
| 29:28 | 6 · resign |
[ AI ANALYSIS · 1 CREDIT ]
What really happened in this match?
Wolo.gg analyzes every decision: build order, eco, micro, common mistakes by bracket. Personalized analysis on WhatsApp or Discord in 30 seconds.
Civ guide
Mongols
Perfil
123